3AA
RICHLAND RAILS @ VIRGINIA BEACH DEUCES
09/05/2027
 
TOP OF THE 1ST
Richland Rails batting - Pitching for Virginia Beach Deuces : LHP Miguel López
Pitching: LHP Miguel López
Batting: RHB Fernando Granados 0-0: Ball
1-0: Ball
2-0: Ball
3-0: Base on Balls
Batting: RHB Miguel Luna 0-0: Ball
1-0: Called Strike
1-1: Ball
2-1: Called Strike
2-2: SINGLE (Groundball, 5D)
Fernando Granados to second
Batting: RHB Michael Bradshaw 0-0: Swinging Strike
0-1: Called Strike
0-2: Ball
1-2: Strikes out swinging
Batting: SHB Pablo Coloa 0-0: Fielders Choice at 2nd, 1-6 (Groundball, 13S)
Fernando Granados to third
Batting: LHB Valentín Salas 0-0: Called Strike
0-1: Foul Ball, location: 2F
0-2: Foul Ball, location: 2F
0-2: Foul Ball, location: 2F
0-2: Ball
1-2: Strikes out looking
Top of the 1st over - 0 run(s), 1 hit(s), 0 error(s), 2 left on base; Richland 0 - Virginia Beach 0
BOTTOM OF THE 1ST
Virginia Beach Deuces batting - Pitching for Richland Rails : RHP Gary Kellenberger
Pitching: RHP Gary Kellenberger
Batting: RHB David Abreu 0-0: Foul Ball, location: 2F
0-1: SINGLE (Line Drive, 6MD)
Batting: RHB James Hill 0-0: Called Strike
0-1: Swinging Strike
0-2: Ball
1-2: Foul Ball, location: 2F
1-2: Foul Ball, location: 2F
1-2: Strikes out swinging
Batting: LHB Jeff Simpson 0-0: Swinging Strike
0-1: Called Strike
0-2: Ball
1-2: Foul Ball, location: 2F
1-2: Strikes out looking
Batting: LHB Atílio Mansilhas 0-0: Ball
1-0: Ball
2-0: Called Strike
David Abreu is caught stealing 2nd base
Bottom of the 1st over - 0 run(s), 1 hit(s), 0 error(s), 0 left on base; Richland 0 - Virginia Beach 0
TOP OF THE 2ND
Richland Rails batting - Pitching for Virginia Beach Deuces : LHP Miguel López
Batting: RHB Christian Gentry 0-0: Called Strike
0-1: Ground out 5-3 (Groundball, 56S)
Batting: RHB Quigley Gibson 0-0: Called Strike
0-1: Foul Ball, location: 2F
0-2: Ball
1-2: Foul Ball, location: 2F
1-2: Ball
2-2: Strikes out swinging
Batting: LHB Armando Peña 0-0: Ball
1-0: Ball
2-0: Called Strike
2-1: Fly out, F6 (Popup, 56D)
Top of the 2nd over - 0 run(s), 0 hit(s), 0 error(s), 0 left on base; Richland 0 - Virginia Beach 0
BOTTOM OF THE 2ND
Virginia Beach Deuces batting - Pitching for Richland Rails : RHP Gary Kellenberger
Batting: LHB Atílio Mansilhas 0-0: Called Strike
0-1: Ground out 6-3 (Groundball, 6)
Batting: RHB Juan González 0-0: Called Strike
0-1: Ball
1-1: Ball
2-1: Ground out 5-3 (Groundball, 56)
Batting: RHB Reg Spiers 0-0: SINGLE (Groundball, 56D)
Batting: SHB Carlos Pérez 0-0: Called Strike
0-1: Ball
Reg Spiers steals 2nd base
1-1: Ball
2-1: Foul Ball, location: 2F
2-2: Ball
3-2: Strikes out swinging
Bottom of the 2nd over - 0 run(s), 1 hit(s), 0 error(s), 1 left on base; Richland 0 - Virginia Beach 0
TOP OF THE 3RD
Richland Rails batting - Pitching for Virginia Beach Deuces : LHP Miguel López
Batting: RHB Lee Faught 0-0: Called Strike
0-1: Ball
1-1: Ground out 5-3 (Groundball, 56)
Batting: RHB Fernando Granados 0-0: Ball
1-0: Ball
2-0: Ball
3-0: Called Strike
3-1: Base on Balls
Batting: RHB Miguel Luna 0-0: Fly out, F9 (Flyball, 9LSF)
Batting: RHB Michael Bradshaw 0-0: Fly out, F8 (Flyball, 8RS)
Top of the 3rd over - 0 run(s), 0 hit(s), 0 error(s), 1 left on base; Richland 0 - Virginia Beach 0
BOTTOM OF THE 3RD
Virginia Beach Deuces batting - Pitching for Richland Rails : RHP Gary Kellenberger
Batting: RHB Dennis Dudash 0-0: Ball
1-0: Ground out 6-3 (Groundball, 6)
Batting: RHB Raleigh Delaney 0-0: Ball
1-0: Ball
2-0: Ball
3-0: Called Strike
3-1: SINGLE (Groundball, 56D)
Batting: RHB David Abreu 0-0: Ball
1-0: Called Strike
1-1: Ball
2-1: Called Strike
Raleigh Delaney steals 2nd base
2-2: Strikes out swinging
Batting: RHB James Hill 0-0: Called Strike
0-1: Ball
1-1: Called Strike
1-2: Ball
2-2: SINGLE (Groundball, 56D)
Raleigh Delaney to third
Runner from 3rd tries for Home, SAFE, no throw
Batting: LHB Jeff Simpson 0-0: Ball
1-0: Called Strike
1-1: Fielders Choice at 2nd, 4-6 (Groundball, 4)
Bottom of the 3rd over - 1 run(s), 2 hit(s), 0 error(s), 0 left on base; Richland 0 - Virginia Beach 1
TOP OF THE 4TH
Richland Rails batting - Pitching for Virginia Beach Deuces : LHP Miguel López
Batting: SHB Pablo Coloa 0-0: Fly out, F9 (Flyball, 89S)
Batting: LHB Valentín Salas 0-0: SINGLE (Line Drive, 6D)
Batting: RHB Christian Gentry 0-0: Ball
1-0: Called Strike
1-1: SINGLE (Line Drive, 4D)
Valentín Salas to second
Batting: RHB Quigley Gibson 0-0: Ball
1-0: Ball
2-0: Called Strike
2-1: Ball
3-1: Called Strike
3-2: Fly out, F7 (Flyball, 7D)
Runner from 2nd tags up, SAFE at 3rd, no throw
Batting: LHB Armando Peña 0-0: Foul Ball, location: 2F
0-1: Ball
1-1: Ball
2-1: SINGLE (Line Drive, 56D)
Valentín Salas scores
Christian Gentry to second
Batting: RHB Lee Faught 0-0: Ball
1-0: Ball
2-0: Ball
3-0: Base on Balls
Christian Gentry to third
Armando Peña to second
Batting: RHB Fernando Granados 0-0: Fly out, F7 (Flyball, 7)
Top of the 4th over - 1 run(s), 3 hit(s), 0 error(s), 3 left on base; Richland 1 - Virginia Beach 1
BOTTOM OF THE 4TH
Virginia Beach Deuces batting - Pitching for Richland Rails : RHP Gary Kellenberger
Batting: LHB Atílio Mansilhas 0-0: Ball
1-0: Ball
2-0: Ball
3-0: Base on Balls
Batting: RHB Juan González 0-0: Ball
1-0: Called Strike
1-1: Foul Ball, location: 2F
1-2: Ball
2-2: Foul Ball, location: 2F
2-2: Ball
3-2: Strikes out swinging
Throwing error on steal attempt, E2
Atílio Mansilhas to third
Batting: RHB Reg Spiers 0-0: Ball
1-0: Called Strike
1-1: Ground out 4-3 (Groundball, 4)
Atílio Mansilhas scores
Batting: SHB Carlos Pérez 0-0: Ball
1-0: Ball
2-0: Called Strike
2-1: Ball
3-1: Foul Ball, location: 2F
3-2: Foul Ball, location: 2F
3-2: Strikes out swinging
Bottom of the 4th over - 1 run(s), 0 hit(s), 1 error(s), 0 left on base; Richland 1 - Virginia Beach 2
TOP OF THE 5TH
Richland Rails batting - Pitching for Virginia Beach Deuces : LHP Miguel López
Batting: RHB Miguel Luna 0-0: Ground out 4-3 (Groundball, 4)
Batting: RHB Michael Bradshaw 0-0: Foul Ball, location: 2F
0-1: Ball
1-1: Foul Ball, location: 2F
1-2: Foul Ball, location: 2F
1-2: Ball
2-2: Foul Ball, location: 2F
2-2: Ball
3-2: Foul Ball, location: 2F
3-2: Strikes out looking
Batting: SHB Pablo Coloa 0-0: Called Strike
0-1: Ball
1-1: Foul Ball, location: 2F
1-2: Ball
2-2: Foul Ball, location: 2F
2-2: Strikes out swinging
Top of the 5th over - 0 run(s), 0 hit(s), 0 error(s), 0 left on base; Richland 1 - Virginia Beach 2
BOTTOM OF THE 5TH
Virginia Beach Deuces batting - Pitching for Richland Rails : RHP Gary Kellenberger
Batting: RHB Dennis Dudash 0-0: Foul Ball, location: 2F
0-1: Fly out, F8 (Line Drive, 8RM)
Batting: RHB Raleigh Delaney 0-0: Called Strike
0-1: Foul Ball, location: 2F
0-2: Ground out 5-3 (Groundball, 56)
Batting: RHB David Abreu 0-0: Ball
1-0: Fly out, F9 (Flyball, 9D)
Bottom of the 5th over - 0 run(s), 0 hit(s), 0 error(s), 0 left on base; Richland 1 - Virginia Beach 2
TOP OF THE 6TH
Richland Rails batting - Pitching for Virginia Beach Deuces : LHP Miguel López
Batting: LHB Valentín Salas 0-0: Ball
1-0: Foul Ball, location: 2F
1-1: Ball
2-1: Called Strike
2-2: Foul Ball, location: 2F
2-2: Strikes out swinging
Batting: RHB Christian Gentry 0-0: Foul Ball, location: 2F
0-1: Ball
1-1: Ball
2-1: Called Strike
2-2: Foul Ball, location: 2F
2-2: Ball
3-2: Foul Ball, location: 2F
3-2: Foul Ball, location: 2F
3-2: Ground out 3-1 (Groundball, 34)
Batting: RHB Quigley Gibson 0-0: Ball
1-0: Swinging Strike
1-1: Swinging Strike
1-2: Ball
2-2: Fly out, F9 (Line Drive, 9S)
Top of the 6th over - 0 run(s), 0 hit(s), 0 error(s), 0 left on base; Richland 1 - Virginia Beach 2
BOTTOM OF THE 6TH
Virginia Beach Deuces batting - Pitching for Richland Rails : RHP Gary Kellenberger
Batting: RHB James Hill 0-0: Called Strike
0-1: Swinging Strike
0-2: Foul Ball, location: 2F
0-2: DOUBLE (Line Drive, 78D)
Batting: LHB Jeff Simpson 0-0: Intentional Walk
Batting: LHB Atílio Mansilhas 0-0: Ball
1-0: Ball
2-0: Fly out, F2 (Popup, 2L)
Batting: RHB Juan González 0-0: Ball
1-0: Foul Ball, location: 2F
1-1: Fielders Choice at 2nd, 1-6 (Groundball, 13S)
James Hill to third
Pitching: RHP Manuel Morales
Batting: RHB Reg Spiers 0-0: Fly out, F4 (Popup, 34)
Bottom of the 6th over - 0 run(s), 1 hit(s), 0 error(s), 2 left on base; Richland 1 - Virginia Beach 2
TOP OF THE 7TH
Richland Rails batting - Pitching for Virginia Beach Deuces : LHP Miguel López
Batting: LHB Armando Peña 0-0: Ball
1-0: Foul Ball, location: 2F
1-1: Called Strike
1-2: Ball
2-2: Foul Ball, location: 2F
2-2: SOLO HOME RUN (Flyball, 89XD), Distance : 413 ft
Pitching: RHP Ronaldo Baghina
Pinch Hitting: SHB Jasper Otto 0-0: Called Strike
0-1: Ball
1-1: Called Strike
1-2: Foul Ball, location: 2F
1-2: Fly out, F4 (Line Drive, 4M)
Pinch Hitting: RHB Tan Bal 0-0: Ball
1-0: Swinging Strike
1-1: Ball
2-1: Swinging Strike
2-2: Ball
3-2: Strikes out swinging
Pinch Hitting: LHB Dave Watts 0-0: Ball
1-0: Ball
2-0: Foul Ball, location: 2F
2-1: Ball
3-1: Base on Balls
Batting: RHB Michael Bradshaw 0-0: Called Strike
0-1: Foul Ball, location: 2F
0-2: Foul Ball, location: 2F
0-2: Ball
1-2: SINGLE (Line Drive, 89S)
Dave Watts to second
Runner from 2nd tries for 3rd, OUT!
Top of the 7th over - 1 run(s), 2 hit(s), 0 error(s), 1 left on base; Richland 2 - Virginia Beach 2
BOTTOM OF THE 7TH
Virginia Beach Deuces batting - Pitching for Richland Rails : RHP Manuel Morales
Now at 1B: Rubén Hernández
Now in CF: Júlio Hernández
Now in RF: Dave Watts
Batting: SHB Carlos Pérez 0-0: Ball
1-0: Swinging Strike
1-1: Ball
2-1: Ball
3-1: Base on Balls
Batting: RHB Dennis Dudash 0-0: Bunt missed!
0-1: Ball
1-1: Sac Bunt - play at first, batter OUT! 1-4
Carlos Pérez to second
Pinch Hitting: LHB Félix González 0-0: Intentional Walk
Pinch Hitting: RHB Zander Bailey 0-0: Called Strike
0-1: Ground out 6-3 (Groundball, 6S)
Carlos Pérez to third
Félix González to second
Pinch Hitting: LHB Ramón Castro 0-0: Ball
1-0: Ball
2-0: Ball
3-0: Called Strike
3-1: Called Strike
3-2: Foul Ball, location: 2F
3-2: Foul Ball, location: 2F
3-2: Base on Balls
Batting: LHB Jeff Simpson 0-0: Fielders Choice at 2nd, 4-6 (Groundball, 4)
Bottom of the 7th over - 0 run(s), 0 hit(s), 0 error(s), 2 left on base; Richland 2 - Virginia Beach 2
TOP OF THE 8TH
Richland Rails batting - Pitching for Virginia Beach Deuces : RHP Ronaldo Baghina
Now at 1B: Júlio Becerra
Now at 2B: Ramón Castro
Now at 3B: Clarence Weber
Batting: SHB Pablo Coloa 0-0: DOUBLE (Flyball, 9LD)
Batting: LHB Valentín Salas 0-0: Intentional Walk
Batting: RHB Christian Gentry 0-0: Called Strike
0-1: Bunted foul
0-2: Ball
1-2: Foul Ball, location: 2F
1-2: Ball
2-2: Strikes out swinging
Batting: RHB Quigley Gibson 0-0: Called Strike
0-1: Called Strike
0-2: Strikes out looking
Batting: LHB Armando Peña 0-0: Ball
1-0: Swinging Strike
1-1: Foul Ball, location: 2F
1-2: Strikes out swinging
Top of the 8th over - 0 run(s), 1 hit(s), 0 error(s), 2 left on base; Richland 2 - Virginia Beach 2
BOTTOM OF THE 8TH
Virginia Beach Deuces batting - Pitching for Richland Rails : RHP Manuel Morales
Batting: LHB Atílio Mansilhas 0-0: Swinging Strike
0-1: Ball
1-1: Called Strike
1-2: SINGLE (Line Drive, 34D)
Batting: RHB Juan González 0-0: Ball
1-0: Ball
2-0: Fly out, F7 (Flyball, 78M)
Pinch Hitting: LHB Salvadaro Meireles 0-0: Ball
1-0: Ball
Atílio Mansilhas is caught stealing 2nd base
2-0: Swinging Strike
2-1: Ball
3-1: SINGLE (Line Drive, 9S)
Pinch Runner at 1st Gray Buddenberg:
Batting: SHB Carlos Pérez 0-0: Called Strike
0-1: Foul Ball, location: 2F
0-2: Ball
Gray Buddenberg is caught stealing 2nd base
Bottom of the 8th over - 0 run(s), 2 hit(s), 0 error(s), 0 left on base; Richland 2 - Virginia Beach 2
TOP OF THE 9TH
Richland Rails batting - Pitching for Virginia Beach Deuces : RHP Ronaldo Baghina
Pitching: RHP Earnest Casey
Now at 2B: Gray Buddenberg
Pinch Hitting: LHB Orlando Casillas 0-0: Ball
1-0: SINGLE (Flyball, 9LS)
Batting: RHB Rubén Hernández 0-0: Fly out, F6 (Line Drive, 6MD)
Batting: LHB Dave Watts 0-0: Swinging Strike
0-1: Foul Ball, location: 2F
0-2: Ball
1-2: Strikes out swinging
Batting: RHB Michael Bradshaw 0-0: Ball
1-0: Swinging Strike
1-1: Ball
2-1: Ball
3-1: Called Strike
3-2: SINGLE (Line Drive, 4)
Orlando Casillas to second
Orlando Casillas to third
Batting: SHB Pablo Coloa 0-0: Ball
1-0: SINGLE (Flyball, 89S)
Orlando Casillas scores
Michael Bradshaw to second
Runner from 2nd tries for 3rd, SAFE, no throw
Pitching: RHP Jim Unknown
Batting: LHB Valentín Salas 0-0: Ball
1-0: Swinging Strike
1-1: Ball
2-1: DOUBLE (Line Drive, 78M)
Michael Bradshaw scores
Pablo Coloa to third
Batting: RHB Christian Gentry 0-0: Ground out 6-3 (Groundball, 6)
Top of the 9th over - 2 run(s), 4 hit(s), 0 error(s), 2 left on base; Richland 4 - Virginia Beach 2
BOTTOM OF THE 9TH
Virginia Beach Deuces batting - Pitching for Richland Rails : RHP Manuel Morales
Pitching: LHP Roberto Guillén
Now in CF: Trent Burch
Batting: SHB Carlos Pérez 0-0: Swinging Strike
0-1: Ball
1-1: Ball
2-1: Ball
3-1: DOUBLE (Groundball, 5L)
Pinch Hitting: RHB Victor Housel 0-0: Ground out 5-3 (Groundball, 56)
Batting: RHB Clarence Weber 0-0: Ball
1-0: Called Strike
1-1: Ball
2-1: Ground out 4-3 (Groundball, 4)
Carlos Pérez to third
Batting: RHB Júlio Becerra 0-0: Ground out 4-3 (Groundball, 4)
Bottom of the 9th over - 0 run(s), 1 hit(s), 0 error(s), 1 left on base; Richland 4 - Virginia Beach 2
Saturday, May 26th, 2018 - OOTP Baseball 17.12 Build 75